 Dungeon Crawl Stone Soup version 0.28-a0-1143-gcf6077d4cc (webtiles) character file.

Game seed: 1562983060299094010

14786 tsouns the Tainter (level 11, -6/78 HPs)
             Began as a Demonspawn Venom Mage on Dec 13, 2021.
             Was a High Priest of Vehumet.
             Mangled by a sixfirhy (11 damage)
             ... summoned by an orc high priest
             ... on level 2 of the Orcish Mines.
             The game lasted 00:39:10 (13185 turns).

tsouns the Tainter (Demonspawn Venom Mage)         Turns: 13185, Time: 00:39:10

Health: -6/78      AC:  7    Str: 14    XL:     11   Next: 93%
Magic:  1/24       EV: 12    Int: 22    God:    Vehumet [*****.]
Gold:   829        SH:  0    Dex: 19    Spells: 10/28 levels left

rFire   . . .      SeeInvis .   i - +4 spear (venom)
rCold   . . .      Faith    +   (no shield)
rNeg    . . .      Spirit   .   n - +1 leather armour of Anaesthesia {Regen+}
rPois   .          Reflect  .   (helmet restricted)
rElec   .          Harm     .   (no cloak)
rCorr   .          Rampage  .   l - +1 pair of gloves
Will    .....      Rnd*Tele +   j - +0 pair of boots
Stlth   ++........              A - amulet of faith
HPRegen 1.03/turn               D - +6 ring of dexterity
MPRegen 0.19/turn               m - +6 ring of strength

@: mighty
A: demonic guardian 2, powered by pain 1, sturdy frame 1, weakness stinger 2,
horns 1, teleportitis 1
a: Renounce Religion


You were on level 2 of the Orcish Mines.
You worshipped Vehumet.
Vehumet was extremely pleased with you.
You visited 3 branches of the dungeon, and saw 13 of its levels.

You collected 913 gold pieces.
You spent 84 gold pieces at shops.

Inventory:

Hand Weapons
 a - a +4 trident
 b - a +0 short sword
 i - a +4 spear of venom (weapon)
Missiles
 e - 4 javelins
 q - a curare-tipped dart
 r - 9 boomerangs of dispersal
Armour
 j - a +0 pair of boots (worn)
 l - a +1 pair of gloves (worn)
 n - the +1 leather armour of Anaesthesia (worn) {Regen+}
   (You found it on level 6 of the Dungeon)

   Regen:     It increases your rate of health regeneration.
 s - a +0 buckler
 x - +0 steam dragon scales
 z - +0 acid dragon scales
 H - a +0 robe of the Archmagi
Magical Staves
 g - a staff of earth
Jewellery
 m - a +6 ring of strength (right hand)
 w - a ring of ice
 A - an amulet of faith (around neck)
 D - a +6 ring of dexterity (left hand)
Wands
 c - a wand of flame (17)
 o - a wand of polymorph (5)
 u - a wand of iceblast (10)
 y - a wand of digging (4)
 J - a wand of mindburst (6)
 K - a wand of charming (4)
Scrolls
 f - 2 scrolls of teleportation
 E - a scroll of holy word
 F - 2 scrolls of amnesia
 I - a scroll of blinking
 L - a scroll of identify
Potions
 d - 6 potions of curing
 h - 2 potions of cancellation
 k - 3 potions of flight
 p - 2 potions of magic
 t - a potion of berserk rage
 v - a potion of brilliance
 B - 2 potions of lignification
 C - 2 potions of haste
 G - a potion of heal wounds
Miscellaneous
 M - a piece from Xom's chessboard (15/15)


   Skills:
 + Level 4.4 Fighting
 + Level 4.0 Polearms
 - Level 1.7 Dodging
 - Level 1.7 Stealth
 + Level 9.4 Spellcasting
 + Level 5.5 Conjurations
 - Level 7.6 Transmutations
 + Level 6.5 Air Magic
 - Level 9.9 Poison Magic


You had 10 spell levels left.
You knew the following spells:

 Your Spells              Type           Power      Damage    Failure   Level
a - Sting                 Tmut/Pois      100%       1d8       1%          1
b - Poisonous Vapours     Pois/Air       92%        N/A       1%          2
c - Mephitic Cloud        Conj/Pois/Air  42%        N/A       1%          3
d - Olgreb's Toxic Radia  Pois           53%        N/A       1%          4
e - Airstrike             Air            19%        N/A       1%          4
f - Iskenderun's Mystic   Conj/Tloc      22%        2d6       6%          4

Your spell library contained the following spells:

 Spells                   Type           Power      Damage    Failure   Level
 Ozocubu's Refrigeration  Ice            5%         4d6       100%        7
 Freeze                   Ice            40%        1d6       1%          1
 Shock                    Conj/Air       100%       1d9       1%          1
 Spider Form              Tmut/Pois      49%        N/A       1%          3
 Swiftness                Air            39%        N/A       1%          3
 Corpse Rot               Necr/Air       48%        N/A       2%          2
 Frozen Ramparts          Ice            20%        1d4       5%          3
 Hailstorm                Conj/Ice       22%        3d7       6%          4
 Ensorcelled Hibernation  Hex/Ice        20%        N/A       10%         2
 Gell's Gravitas          Tloc           10%        N/A       21%         3
 Lesser Beckoning         Tloc           10%        N/A       21%         3
 Teleport Other           Tloc           10%        N/A       21%         3
 Tukima's Dance           Hex            10%        N/A       21%         3


Dungeon Overview and Level Annotations

Branches:
Dungeon (10/15)            Temple (1/1) D:4            Lair (0/6) D:8
    Orc (2/2) D:10
    Elf: Orc:2

Altars:
Ashenzari
Cheibriados
Dithmenos
Elyvilon
Fedhas
Gozag
Hepliaklqana
Kikubaaqudgha
Makhleb
Nemelex Xobeh
Okawaru
Qazlal
Ru
Sif Muna
Trog
Uskayaw
Vehumet
Wu Jian
Xom
Yredelemnul
Zin
The Shining One
Beogh

Shops:
D:2 !   D:7 :   Orc:1 (


Innate Abilities, Weirdness & Mutations

A demonic guardian rushes to your aid.
You sometimes gain a little power by taking damage.
Your movements are slightly less encumbered by armour. (ER -2)
You have a tail ending in a sharp stinger.
You have a pair of small horns on your head.
You are occasionally teleported next to monsters.


Message History

The orc high priest looks as sick as possible!
The sixfirhy closely misses you.
The sixfirhy hits you but does no damage.
The orc high priest calls down the wrath of Beogh upon you.
Beogh smites you! The sixfirhy closely misses you. The neqoxec gestures at you.
Strange energies course through your body.
You feel weirdly uncertain.
Casting: Airstrike (dangerous; 1% risk of failure)
Confirm with . or Enter, or press ? or * to list all spells.
Aiming: Airstrike (dangerous; 1% risk of failure)
Press: ? - help, Dir - move target, f - orc high priest
Aim: an orc high priest, wielding a +0 trident (heavily wounded, very poisoned, empty space bonus: 6/8)
The air twists around and strikes the orc high priest!
The orc high priest is severely wounded.
The orc high priest looks as sick as possible!
You kill the orc high priest!
Vehumet accepts your kill.
The neqoxec disappears in a puff of smoke!
The soul eater disappears in a puff of smoke!
The sixfirhy closely misses you. The sixfirhy hits you!
The sixfirhy shocks you! The sixfirhy closely misses you.
The orc high priest invokes the aid of Beogh against you.
Beogh smites you!
* * * LOW HITPOINT WARNING * * *
A demonic guardian appears!
You focus on the pain.
You feel very mighty all of a sudden.
The neqoxec barely misses your sixfirhy.
The sixfirhy hits you.
* * * LOW HITPOINT WARNING * * *
The sixfirhy shocks you!
* * * LOW HITPOINT WARNING * * *
Your Polearms skill increases to level 4!
Unknown command.
Your sixfirhy is poisoned.
Your toxic aura wanes.
The sixfirhy hits you.
* * * LOW HITPOINT WARNING * * *
The sixfirhy shocks you!
You die...

++####.).#............####
...#.......8888.888....##
#.?#.#.#..[8888.888.....#
#.o#.....)..............#
+..#....).).)....#......#
+. #......)[3.)........##
#. #....§.§.o3..........#
# o#..)§...))3[........##
..#..........@.........#
####....................#
..........)........<..#
.....................##
..........<..........#
...........##.......#
..##.##..## ##... ## ###
###


You could see an orc high priest (very poisoned, ally target), a sixfirhy
(summoned, very poisoned), a neqoxec (summoned) and a friendly sixfirhy
(summoned, poisoned).

Vanquished Creatures
  A centaur warrior (D:8)
  A two-headed ogre (D:9)
  2 orc high priests (Orc:2)
  2 orc knights
  4 trolls
  3 slime creatures (D:7)
  A shadow (D:10)
  15 yaks
  5 wargs
  A water moccasin (D:5)
  19 orc warriors
  2 black bears (D:8)
  A necrophage (D:6)
  A sky beast (D:6)
  7 ogres
  4 centaurs
  A kobold brigand (D:6)
  3 bullfrogs
  2 scorpions
  A water moccasin skeleton (D:7)
  3 wights
  3 centaur zombies
  3 hounds
  2 bullfrog skeletons (D:7)
  A gnoll shaman (D:7)
  15 orc priests
  3 iguanas (D:7)
  17 orc wizards
  2 hound skeletons
  Robin (D:3)
  2 howler monkey zombies
  9 adders
  5 gnolls (D:7)
  A white imp (D:5)
  3 ufetubi
  3 adder skeletons
  A worm (D:5)
  5 dart slugs
  39 orcs
  6 endoplasms
  6 giant cockroaches
  11 goblins
  5 hobgoblins
  8 jackals
  10 kobolds
  3 quokkas
  4 ball pythons
  7 bats
  3 frilled lizards
  6 rats
  A bush (D:5)
264 creatures vanquished.

Vanquished Creatures (collateral kills)
  Maggie (D:7)
  A kobold demonologist (D:9)
  2 wyverns (D:8)
  A yak (D:9)
  A wraith (D:10)
  A steam dragon (D:7)
  An acid dragon (D:8)
  2 black bears (D:8)
  An ogre (D:5)
  A wyvern zombie (D:8)
  2 wights (D:9)
  A centaur zombie (D:7)
  A worm (D:4)
  4 goblins (D:3)
  A hobgoblin (D:4)
  2 jackals
  A ball python (D:4)
  A bat (D:1)
25 creatures vanquished.

Vanquished Creatures (others)
  A sky beast (D:8)
  2 fungi (D:8)
  4 plants (D:8)
7 creatures vanquished.

Grand Total: 296 creatures vanquished

Notes
Turn   | Place    | Note
-------+----------+-------------------------------------------
     0 | D:1      | tsouns the Demonspawn Venom Mage began the quest for the
                  | Orb.
     0 | D:1      | Reached XP level 1. HP: 13/13 MP: 3/3
    20 | D:1      | Reached skill level 1 in Transmutations
   372 | D:1      | Gained mutation: A weak demonic guardian rushes to your
                  | aid. [demonic ancestry]
   372 | D:1      | Reached XP level 2. HP: 2/19 MP: 0/5
   808 | D:1      | Learned a level 2 spell: Poisonous Vapours
  1546 | D:1      | Reached XP level 3. HP: 19/24 MP: 1/6
  3119 | D:2      | Reached XP level 4. HP: 24/30 MP: 1/8
  3415 | D:2      | Found Lufocsom's Distillery.
  3423 | D:2      | Bought 2 potions of curing for 84 gold pieces
  3666 | D:2      | Learned a level 3 spell: Mephitic Cloud
  4062 | D:3      | Noticed Robin
  4089 | D:3      | Killed Robin
  4573 | D:3      | You fall into a shaft and drop 3 floors!
  4605 | D:6      | Identified the +1 leather armour of Anaesthesia {Regen+}
  4619 | D:6      | Noticed an ogre
  4635 | D:6      | Killed an ogre
  4636 | D:6      | Reached XP level 5. HP: 35/35 MP: 1/10
  4817 | D:6      | Gained mutation: Your movements are slightly less
                  | encumbered by armour. (ER -2) [demonic ancestry]
  4817 | D:6      | Reached XP level 6. HP: 27/41 MP: 1/11
  5158 | D:6      | Noticed an orc warrior
  5183 | D:6      | Killed an orc warrior
  5184 | D:6      | Reached skill level 5 in Poison Magic
  5339 | D:6      | Gained mutation: A demonic guardian rushes to your aid.
                  | [demonic ancestry]
  5339 | D:6      | Reached XP level 7. HP: 46/46 MP: 4/13
  5690 | D:5      | Entered Level 5 of the Dungeon
  6266 | D:4      | Found a staircase to the Ecumenical Temple.
  6298 | Temple   | Entered the Ecumenical Temple
  6526 | Temple   | Became a worshipper of Vehumet
  7097 | D:5      | Reached skill level 5 in Spellcasting
  7103 | D:5      | Reached XP level 8. HP: 36/52 MP: 15/15
  7149 | D:5      | Reached skill level 5 in Transmutations
  7448 | D:6      | Gained mutation: You have a pair of small horns on your
                  | head. [potion of mutation]
  7764 | D:7      | Found a bloodstained altar of Trog.
  7999 | D:8      | Reached * piety under Vehumet
  7999 | D:8      | Offered knowledge of Foxfire by Vehumet.
  8000 | D:8      | Gained mutation: You sometimes gain a little power by
                  | taking damage. [demonic ancestry]
  8000 | D:8      | Reached XP level 9. HP: 40/57 MP: 6/18
  8005 | D:8      | Learned a level 4 spell: Olgreb's Toxic Radiance
  8339 | D:8      | Noticed a centaur warrior
  8376 | D:7      | Found Meseul's Book Boutique.
  8542 | D:7      | Noticed Maggie
  8551 | D:7      | Killed Maggie
  8736 | D:7      | Offered knowledge of Freeze by Vehumet.
  8764 | D:7      | Reached ** piety under Vehumet
  9265 | D:8      | Killed a centaur warrior
  9266 | D:8      | Reached skill level 1 in Conjurations
  9266 | D:8      | Reached skill level 1 in Air Magic
  9266 | D:8      | Gained mutation: You have a small tail. [demonic ancestry]
  9266 | D:8      | Reached XP level 10. HP: 37/63 MP: 20/22
  9837 | D:8      | Found a staircase to the Lair.
  9994 | D:9      | Noticed a two-headed ogre
  9994 | D:9      | Offered knowledge of Stone Arrow by Vehumet.
 10012 | D:9      | Killed a two-headed ogre
 10058 | D:9      | Learned a level 4 spell: Airstrike
 10112 | D:9      | Gained mutation: You have a tail ending in a sharp stinger.
                  | [demonic ancestry]
 10112 | D:9      | Reached XP level 11. HP: 38/69 MP: 16/23
 10119 | D:9      | Reached skill level 1 in Fighting
 10122 | D:9      | Reached *** piety under Vehumet
 10123 | D:9      | Reached skill level 1 in Polearms
 10253 | D:9      | Noticed a sixfirhy
 10830 | D:10     | Entered Level 10 of the Dungeon
 10867 | D:10     | Found a staircase to the Orcish Mines.
 10889 | D:10     | Reached skill level 5 in Air Magic
 10914 | D:10     | Offered knowledge of Dazzling Flash by Vehumet.
 11147 | D:10     | Found an opulent altar of Gozag.
 11613 | Orc:1    | Entered Level 1 of the Orcish Mines
 11630 | Orc:1    | Reached **** piety under Vehumet
 11640 | Orc:1    | Offered knowledge of Iskenderun's Mystic Blast by Vehumet.
 11651 | Orc:1    | Learned a level 4 spell: Iskenderun's Mystic Blast
 12041 | Orc:1    | Noticed an orc knight
 12070 | Orc:1    | Killed an orc knight
 12146 | Orc:1    | Found Woss's Weapon Emporium.
 12554 | Orc:2    | Entered Level 2 of the Orcish Mines
 12704 | Orc:1    | Reached ***** piety under Vehumet
 12810 | Orc:2    | Offered knowledge of Ozocubu's Refrigeration by Vehumet.
 12811 | Orc:2    | Noticed an orc high priest
 12814 | Orc:2    | Reached skill level 5 in Conjurations
 12829 | Orc:2    | Killed an orc high priest
 13025 | Orc:2    | Noticed an orc knight
 13046 | Orc:2    | Killed an orc knight
 13168 | Orc:2    | Noticed an orc high priest
 13173 | Orc:2    | Noticed an orc high priest
 13179 | Orc:2    | Noticed a sixfirhy
 13183 | Orc:2    | Noticed a soul eater
 13183 | Orc:2    | Gained mutation: You are occasionally teleported next to
                  | monsters. [a neqoxec]
 13184 | Orc:2    | Killed an orc high priest
 13185 | Orc:2    | Mangled by a sixfirhy

Illustrated notes

Levels and vault maps discovered:
D:1:      co_arrival_square_in_a_square_in_a_square, layout_loops_corners,
          hangedman_abyss_or_decor_lesser_grid
D:2:      layout_loops_corners, serial_shops, shop_statue
D:3:      layout_loops_ring, grunt_ministairs_5, uniq_robin
D:4:      layout_cave_pools, minmay_temple_entry_junction, lemuel_old_faithful
D:5:      layout_gridville, kb_lookout_dungeons_type
D:6:      layout_cave_pods
D:7:      layout_basic, serial_shops, shop, minivault_19, minmay_ruined_shrine,
          uniq_maggie
D:8:      layout_basic, grunt_lair_entry_orc_guard_hut, roderic_roman_lattice
D:9:      layout_loops_ring
D:10:     layout_basic, mainiacjoe_overflow_small_starburst, david_orc_3,
          serial_glass, glass_columns_c, glass_columns_c,
          hangedman_abyss_or_decor_passed
Temple:   mainiacjoe_temple_archimedes_tessellation
Orc:1:    layout_diamond_mine, serial_shops, nicolae_shop_bloodbath_and_beyond,
          basic_altar
Orc:2:    st_orc_mages, layout_caves, hellmonk_bongcloud_opening,
          guppyfry_library_mini

Skill      XL: |  1  2  3  4  5  6  7  8  9 10 11 |
---------------+----------------------------------+-----
Transmutations | 1 2 3 4 6 7 |  7.6
Spellcasting   | 3 4 5 6 8 9 |  9.4
Poison Magic   | 4 5 6 7 9 |  9.9
Conjurations   | 1 4 5 |  5.5
Air Magic      | 1 4 6 |  6.5
Fighting       | 4 |  4.4
Polearms       | 4 |  4.0
Dodging        | |  1.7
Stealth        | |  1.7

Action                   |  1- 3 |  4- 6 |  7- 9 | 10-12 || total
-------------------------+-------+-------+-------+-------++-------
Melee: Short sword       |    56 |       |       |       ||    56
       Unarmed           |     4 |       |       |       ||     4
       Spear             |       |    57 |   297 |   245 ||   599
       Headbutt          |       |       |    28 |    51 ||    79
       Tailslap          |       |       |       |    43 ||    43
Throw: Dart              |       |       |     1 |       ||     1
 Cast: Sting             |    43 |    22 |     8 |    24 ||    97
       Poisonous Vapours |    29 |    32 |    28 |    18 ||   107
       Mephitic Cloud    |       |     5 |     6 |    10 ||    21
       Olgreb's Toxic Ra |       |       |     6 |    52 ||    58
       Airstrike         |       |       |       |     7 ||     7
       Iskenderun's Myst |       |       |       |     5 ||     5
Evoke: Wand              |       |     6 |     5 |     7 ||    18
  Use: Scroll            |     3 |     5 |     9 |     1 ||    18
       Potion            |     1 |       |     6 |     1 ||     8
 Stab: Distracted        |     1 |       |     2 |     1 ||     4
       Sleeping          |       |     3 |     8 |     2 ||    13
       Confused          |       |     3 |     2 |     2 ||     7
Armor: Robe              |    19 |    11 |       |       ||    30
       Leather armour    |       |     1 |    66 |    53 ||   120
Dodge: Dodged            |    63 |    32 |   145 |   129 ||   369

Table legend: (Time is in decaauts)
 A = Elapsed time spent in this place.
 B = Non-inter-level travel time spent in this place.
 C = Inter-level travel time spent in this place.
 D = Time resting spent in this place.
 E = Time spent auto-exploring this place.
 F = Levels seen in this place.
 G = Mean time per level.
                   A        B        C        D        E       F      G
               +--------+--------+--------+--------+--------+-----+--------+
         Total |  13253 |  12898 |    355 |    201 |  10064 |  13 | 1019.5 |
       Dungeon |  11434 |  11166 |    268 |     58 |   8894 |  10 | 1143.4 |
        Temple |    248 |    198 |     50 |      0 |    180 |   1 |  248.0 |
  Orcish Mines |   1570 |   1533 |     37 |    143 |    990 |   2 |  785.0 |
               +--------+--------+--------+--------+--------+-----+--------+

Top non-repeatable levels by time:
     D:1: 2112 daAuts
     D:2: 1587 daAuts
     D:6: 1382 daAuts
   Orc:1: 1323 daAuts
     D:3: 1241 daAuts
     D:8: 1211 daAuts
     D:7: 1085 daAuts
     D:9: 837 daAuts
    D:10: 805 daAuts
     D:4: 650 daAuts
     D:5: 519 daAuts
  Temple: 248 daAuts
   Orc:2: 247 daAuts
